Map: Prion Terraces

Players

LilDicky

  • Race: Terran Terran
  • League: Diamond

Allpinknside - Winner!

  • Race: Protoss Protoss
  • League: Platinum

VOD

http://www.twitch.tv/tumescentpie

Description

Time

  • Played on: Nov. 25, 2015, 9:23 p.m.
  • Length: 5:52
Show
View Real Time Build Order
Export as new Build Order

LilDicky Terran 

Build Orders: MMM Bio 

Get SALT Encoding   

  12  0:03  SCV  
  13  0:15  SCV  
  13  0:19  Supply Depot  
  14  0:28  SCV  
  15  0:29  Refinery  
  15  0:40  SCV  
  16  0:47  Barracks  
  16  0:53  SCV  
  17  1:07  SCV  
  18  1:35  Orbital Command  
  18  1:38  Marine  
  18  1:39  Supply Depot  
  19  1:42  Factory  
  19  1:58  Marine  
  21  2:01  SCV  
  21  2:07  Barracks  
  21  2:10  Barracks  
  21  2:17  SCV  
  21  2:19  Barracks Reactor  
  22  2:23  Supply Depot  
  22  2:28  Refinery  
  22  2:29  SCV  
  23  2:41  SCV  
  24  2:48  Supply Depot  
  24  2:52  Widow Mine  
  24  2:56  SCV  
  24  2:57  Barracks Tech Lab x2  
  26  3:01  Marine x2  
  28  3:08  SCV  
  28  3:11  Supply Depot  
  29  3:16  Stimpack  
  29  3:18  Combat Shields  
  29  3:24  Widow Mine  
  31  3:32  Marine  
  34  3:34  Marine  
  34  3:36  Marine x2  
  34  3:38  SCV  
  36  3:49  Starport  
  36  3:51  SCV  
  37  4:08  Marauder, Marine x2  
  37  4:09  Marauder  
  43  4:26  Marine x2  
  43  4:27  Medivac  
  43  4:29  SCV  
  43  4:30  Marauder x2  
  51  4:45  Marine  
  50  4:46  Marine  
  50  4:51  SCV, Marauder  
  54  4:59  Supply Depot  
  54  5:03  SCV  
  54  5:04  Concussive Shells  
  55  5:11  Marine  
  54  5:18  Marine  
  54  5:20  Medivac  
  54  5:21  Marauder x2  
  55  5:29  Marine  
Show
View Real Time Build Order
Export as new Build Order

Allpinknside Protoss - Winner!

Build Orders: 1 Gate Expand, Double Forge, Dark Templar Rush 

Get SALT Encoding   

  12  0:01  Probe (Chrono Boost)  
  13  0:12  Probe (Chrono Boost)  
  14  0:18  Pylon  
  14  0:22  Probe (Chrono Boost)  
  15  0:36  Probe (Chrono Boost)  
  15  0:38  Gateway  
  16  0:47  Probe (Chrono Boost)  
  17  0:58  Probe (Chrono Boost)  
  18  1:08  Probe (Chrono Boost)  
  19  1:18  Nexus  
  19  1:23  Assimilator  
  19  1:32  Cybernetics Core  
  19  1:40  Assimilator  
  19  1:45  Probe (Chrono Boost)  
  20  1:55  Probe (Chrono Boost)  
  21  2:06  Probe (Chrono Boost), Pylon  
  22  2:15  Warp Gate  
  22  2:16  Probe (Chrono Boost)  
  23  2:24  Adept  
  23  2:27  Probe (Chrono Boost)  
  26  2:31  Probe (Chrono Boost)  
  27  2:38  Probe (Chrono Boost)  
  27  2:39  Twilight Council  
  27  2:41  Probe (Chrono Boost)  
  29  2:48  Probe (Chrono Boost)  
  30  2:52  Probe (Chrono Boost)  
  31  2:59  Probe (Chrono Boost)  
  31  3:02  Probe (Chrono Boost)  
  33  3:07  Forge  
  33  3:09  Probe (Chrono Boost)  
  34  3:13  Probe (Chrono Boost)  
  34  3:17  Forge  
  36  3:21  Mothership Core (Chrono Boost)  
  36  3:23  Probe (Chrono Boost)  
  38  3:31  Dark Shrine  
  34  3:34  Probe (Chrono Boost)  
  34  3:39  Probe (Chrono Boost)  
  35  3:42  Photon Cannon  
  35  3:46  Pylon  
  31  4:05  Photon Cannon  
  30  4:18  Photon Cannon  
  30  4:25  Gateway  
  30  4:27  Gateway  
  30  4:41  Pylon  
  30  4:50  Dark Templar  
  34  5:00  Probe x2 (Chrono Boost)  
  34  5:10  Probe x2 (Chrono Boost)  
  32  5:21  Probe x2 (Chrono Boost)  
  34  5:23  Dark Templar  
  36  5:31  Probe x2 (Chrono Boost)  
  38  5:37  Dark Templar  
  38  5:38  Dark Templar  
Tags
 
Add a new tag
Caveats
  • Supply blocks, unpowered buildings, or Contaminate may cause inaccurate times.
  • Supply counts are checked every 10 seconds.